 Dungeon Crawl Stone Soup version 0.21-a0-221-gfe971b9 (webtiles) character file.

116 JackS81 the Stinger (level 5, -1/35 HPs)
             Began as a Merfolk Venom Mage on Aug 26, 2017.
             Slain by Natasha (9 damage)
             ... on level 3 of the Dungeon.
             The game lasted 00:16:40 (2422 turns).

JackS81 the Stinger (Merfolk Venom Mage)            Turns: 2422, Time: 00:16:41

Health: -1/35      AC:  2    Str:  8    XL:     5   Next: 0%
Magic:  2/8        EV: 13    Int: 15    God:
Gold:   175        SH:  0    Dex: 15    Spells: 4/8 levels left

rFire    . . .     SeeInvis .   g - -3 club (curse)
rCold    . . .     Gourm    .   (no shield)
rNeg     . . .     Faith    .   a - +0 robe
rPois    .         Spirit   .   (no helmet)
rElec    .         Reflect  .   (no cloak)
rCorr    .         Harm     .   (no gloves)
MR       .....                  (no boots)
Stlth    ++........             (no amulet)
HPRegen  0.11/turn              (no ring)
MPRegen  0.11/turn              (no ring)

@: slowed, very slow
A: change form in water, swift swim, stealthy swim
a: no special abilities


You were on level 3 of the Dungeon.
You were not hungry.

You visited 1 branch of the dungeon, and saw 3 of its levels.

You collected 175 gold pieces.

Inventory:

Hand Weapons
 e - a cursed -3 mace
 g - a cursed -3 club (weapon)
 h - a +0 short sword
 k - a +0 spear
 r - a +0 dagger
Missiles
 d - 24 sling bullets
 i - 15 stones (quivered)
 l - 47 bolts
 m - 59 arrows
Armour
 a - a +0 robe (worn)
Scrolls
 p - a scroll of teleportation
 q - a scroll of blinking {unknown}
Books
 b - a Young Poisoner's Handbook

   Spells                             Type                      Level
   a - Sting                          Conjuration/Poison           1
   b - Poisonous Vapours              Poison/Air                   2
   c - Mephitic Cloud                 Conjuration/Poison/Air       3
   d - Olgreb's Toxic Radiance        Poison                       4
   e - Venom Bolt                     Conjuration/Poison           5
Comestibles
 c - a bread ration
 f - 6 fruits
 j - 2 chunks of flesh
 n - 2 meat rations
 o - a royal jelly


   Skills:
 - Level 2.6 Dodging
 - Level 2.1 Stealth
 - Level 2.0 Spellcasting
 + Level 1.7 Conjurations
 * Level 0.8 Air Magic
 * Level 5.3 Poison Magic


You had 4 spell levels left.
You knew the following spells:

 Your Spells              Type           Power        Failure   Level  Hunger
a - Sting                 Conj/Pois      ##..         5%          1    #......
b - Mephitic Cloud        Conj/Pois/Air  #.......     22%         3    ###....


Dungeon Overview and Level Annotations

Branches:
Dungeon (3/15)

Altars:
Elyvilon
Kikubaaqudgha
The Shining One

Annotations:
D:3 Natasha


Message History

Natasha is moderately wounded.
Natasha mumbles some strange words.
Some of the chunks of flesh in your inventory have rotted away.
Natasha claws you!
The shadow imp hits you but does no damage.
Natasha misses you.
Casting: Sting
Confirm with . or Enter, or press ? or * to list all spells.
Aiming: Sting
Press: ? - help, Shift-Dir - straight line, f/p - Natasha
Aim: Natasha (heavily wounded, poisoned)
The sting hits Natasha.
Natasha appears unharmed.
Natasha is heavily wounded.
The shadow imp puffs mist at you. The shadow imp hits you.
Natasha barely misses you. The shadow imp gestures at you.
Pain shoots through your body!
* * * LOW HITPOINT WARNING * * *
Natasha claws you!
You die...

#.#.[.# #.##..#
#..#..# #.#.†#
#...w# ##.5.#
#...# ##5h#######
########.@.......
........#..######
#######.#..#
#.##.# #.# .. #)#
..# #.# #.. ##.
#.# ..# #.. #)#


You could see an iron imp, Natasha, a shadow imp and a dart slug.

Vanquished Creatures
  An orc wizard (D:3)
  2 adders (D:2)
  A leopard gecko (D:3)
  2 orcs (D:3)
  7 bats
  2 bat skeletons (D:2)
  2 bat zombies (D:2)
  3 giant cockroaches
  6 goblins
  5 hobgoblins
  11 jackals (D:2)
  A ball python (D:1)
  5 frilled lizards
  8 kobolds
  9 rats
65 creatures vanquished.

Notes
Turn   | Place    | Note
-------+----------+-------------------------------------------
     0 | D:1      | JackS81 the Merfolk Venom Mage began the quest for the Orb.
     0 | D:1      | Reached XP level 1. HP: 13/13 MP: 3/3
   210 | D:1      | Reached XP level 2. HP: 19/19 MP: 0/5
   315 | D:1      | Reached skill level 4 in Poison Magic
   639 | D:1      | Reached skill level 1 in Conjurations
   995 | D:2      | Reached XP level 3. HP: 24/24 MP: 1/6
  1015 | D:2      | Learned a level 3 spell: Mephitic Cloud
  1194 | D:2      | Found a white marble altar of Elyvilon.
  1451 | D:2      | Reached XP level 4. HP: 22/30 MP: 0/7
  1564 | D:2      | Found a glowing golden altar of the Shining One.
  1837 | D:2      | Found an ancient bone altar of Kikubaaqudgha.
  1877 | D:2      | HP: 1/30 [vampire bat (2)]
  2000 | D:2      | Reached skill level 5 in Poison Magic
  2412 | D:3      | Noticed Natasha
  2413 | D:3      | Reached XP level 5. HP: 29/35 MP: 4/8
  2422 | D:3      | Slain by Natasha

Vault maps used:
D:1:      dpeg_arrival_tiny_g
D:2:      kennysheep_vampire_church, elyvilon_altar_5, lemuel_crystal_altar,
          minivault_11, kennysheep_generic_room_10
D:3:      uniq_natasha, uniq_sigmund, uniq_grinder

Skill      XL: |  1  2  3  4 |
---------------+-------------+-----
Poison Magic   | 4 5 |  5.3
Conjurations   | 1 |  1.7
Dodging        | |  2.6
Stealth        | |  2.1
Spellcasting   | |  2.0
Air Magic      | |  0.8

Action                   |  1- 3 |  4- 6 || total
-------------------------+-------+-------++-------
Melee: Club              |    50 |    53 ||   103
Throw: Stone             |       |     2 ||     2
 Cast: Sting             |    75 |    41 ||   116
  Use: Scroll            |     1 |     2 ||     3
       Potion            |       |     2 ||     2
 Stab: Sleeping          |       |     1 ||     1
  Eat: Chunk             |     3 |     4 ||     7
Armor: Robe              |    17 |    69 ||    86
Dodge: Dodged            |    66 |   154 ||   220

Table legend:
 A = Spawn XP
 B = Non-spawn XP
 C = Spawn XP percentage of total XP
 D = Spawn monster count
 E = Non-spawn monster count
 F = Spawn count percentage of total count
 G = Total turns spent on level
                    A         B        C        D         E        F      G
               +---------+---------+-------+---------+---------+-------+---------
         Total |       9 |     157 |   5.4 |       5 |      60 |   7.7 |  2422
               +---------+---------+-------+---------+---------+-------+---------
           D:1 |       6 |      23 |  20.7 |       3 |      16 |  15.8 |   964
           D:2 |       3 |      81 |   3.6 |       2 |      35 |   5.4 |  1258
           D:3 |       0 |      53 |   0.0 |       0 |       9 |   0.0 |   200
               +---------+---------+-------+---------+---------+-------+---------
